 Dungeon Crawl Stone Soup version 0.27-a0-660-g90476cec82 (webtiles) character file.

Game seed: 1575136046097043765

1288 wakim the Shield-Bearer (level 8, -6/50 HPs)
             Began as a Gargoyle Fighter on Mar 16, 2021.
             Was a Priest of Kikubaaqudgha.
             Killed by divine providence
             ... invoked by an orc priest
              (14 damage)
             ... on level 5 of the Dungeon on Mar 17, 2021.
             The game lasted 00:12:25 (5107 turns).

wakim the Shield-Bearer (Gargoyle Fighter)          Turns: 5107, Time: 00:12:26

Health: -6/50      AC: 15    Str: 22    XL:     8   Next: 55%
Magic:  8/8        EV:  8    Int:  9    God:    Kikubaaqudgha [***...]
Gold:   321        SH: 10    Dex:  9    Spells: 7/7 levels left

rFire    . . .     SeeInvis .   a - +1 flail
rCold    . . .     Faith    .   c - +0 kite shield
rNeg     + . .     Spirit   .   p - +0 scale mail
rPois    ∞         Reflect  .   r - +0 helmet
rElec    +         Harm     .   (no cloak)
rCorr    .         Rampage  .   (no gloves)
Will     .....                  m - +0 pair of boots
Stlth    ..........             (no amulet)
HPRegen  0.16/turn              (no ring)
MPRegen  0.11/turn              (no ring)

@: no status effects
A: AC +5, negative energy resistance 1, electricity resistance, torment
resistance 1, unbreathing 1, petrification resistance
a: Renounce Religion, Receive Corpses


You were on level 5 of the Dungeon.
You worshipped Kikubaaqudgha.
Kikubaaqudgha was most pleased with you.
You visited 2 branches of the dungeon, and saw 6 of its levels.

You collected 321 gold pieces.

Inventory:

Hand Weapons
 a - a +1 flail (weapon)
 b - a +1 hunting sling of freezing
Missiles
 e - 69 sling bullets
 i - 2 datura-tipped darts (quivered)
 o - 3 poisoned darts
Armour
 c - a +0 kite shield (worn)
 m - a +0 pair of boots (worn)
 p - a +0 scale mail (worn)
 r - a +0 helmet (worn)
Scrolls
 f - 4 scrolls of enchant weapon
 q - a scroll of blinking {unknown}
 s - a scroll of fog {unknown}
 E - a scroll of fear
 Z - 3 scrolls of identify {@r1}
Potions
 d - a potion of brilliance {unknown}
 g - a potion of berserk rage {unknown}
 h - a potion of curing {unknown}
 j - 3 potions of haste {unknown}
 k - a potion of degeneration {unknown}
 l - a potion of lignification {unknown}
 n - a potion of mutation {unknown}
 M - 2 potions of might
 N - 3 potions of heal wounds {@q2}


   Skills:
 + Level 5.5 Fighting
 * Level 6.1 Maces & Flails
 + Level 5.5 Armour
 * Level 7.2 Shields


You had 7 spell levels left.
You didn't know any spells.
Your spell library contained the following spells:

 Spells                   Type           Power      Damage    Failure   Level
 Animate Skeleton         Necr           0%         N/A       95%         1
 Pain                     Necr           0%         1d4       95%         1
 Corpse Rot               Necr/Air       N/A        N/A       99%         2
 Gell's Gravitas          Tloc           0%         N/A       100%        3
 Portal Projectile        Hex/Tloc       0%         N/A       100%        3
 Vampiric Draining        Necr           0%         2d6       100%        3
 Dispel Undead            Necr           0%         3d6       100%        4
 Manifold Assault         Tloc           0%         N/A       100%        4
 Passage of Golubria      Tloc           N/A        N/A       100%        4
 Agony                    Necr           0%         N/A       100%        5
 Borgnjor's Vile Clutch   Necr/Erth      0%         N/A       100%        5
 Death Channel            Necr           0%         N/A       100%        6
 Dispersal                Tloc           0%         N/A       100%        6
 Simulacrum               Ice/Necr       0%         N/A       100%        6
 Disjunction              Tloc           0%         N/A       100%        8


Dungeon Overview and Level Annotations

Branches:
Dungeon (5/15)             Temple (1/1) D:4

Altars:
Elyvilon
Hepliaklqana
Kikubaaqudgha
Okawaru
Qazlal
Sif Muna
Uskayaw
Wu Jian
Yredelemnul
Zin

Annotations:
D:5 2 transporters, tilp's ghost, novice OpTm


Innate Abilities, Weirdness & Mutations

Your stone body is resilient. (AC +5)
You are immune to poison.
You resist negative energy. (rN+)
You are resistant to electric shocks. (rElec)
You are resistant to unholy torment.
You can survive without breathing.
You are immune to petrification.


Message History

* * * LOW HITPOINT WARNING * * *
Pikel freezes you.
* * * LOW HITPOINT WARNING * * *
You hit Pikel but do no damage.
Pikel is severely wounded.
You hit Pikel.
Pikel is almost dead.
Pikel hits you with a +0 whip of freezing.
* * * LOW HITPOINT WARNING * * *
Pikel freezes you.
* * * LOW HITPOINT WARNING * * *
The orc wizard casts a spell at itself.
The orc wizard flickers and vanishes!
Deactivating autopickup; reactivate with Ctrl-A.
You completely miss Pikel.
Pikel is almost dead.
Pikel hits you with a +0 whip of freezing.
* * * LOW HITPOINT WARNING * * *
Pikel freezes you.
* * * LOW HITPOINT WARNING * * *
You hit Pikel.
Pikel is almost dead.
You sock Pikel!
You kill Pikel!
With Pikel's spell broken, his former minions thank you for their freedom.
The lemure departs this earthly plane. x3
Your Maces & Flails skill increases to level 6!
Your Shields skill increases to level 7!
You have reached level 8!
You feel clever.
You closely miss something.
You hear some strange, mumbled words.
Something tries to affect you, but you resist.
You miss something.
You hear some strange, mumbled words.
A puff of flame appears from out of thin air!
The orc priest mumbles some strange prayers to Beogh against you.
Beogh smites you!
You die...
Kikubaaqudgha rasps: "You have failed me!
Welcome... oblivion!"

###.#..#...#..#....
....#........!#....
...©#....©...!#©...
#
.#..#.........#....
.. .##.#..#...#.Z#.#
..#
###.#8..#.#..8#.#
.... #.##......W##.#
.....
#..#########..##.§.#
##............@{{..#
####.........##o..#
#...............#
..#
#.#############.# .#
#.# .. #.# .# #.# #
#.# #.#


You could see an orc priest, tilp's ghost and an adder skeleton.

Vanquished Creatures
  Pikel (D:5)
  2 ice beasts
  2 phantoms (D:4)
  An elf skeleton (D:4)
  A human zombie (D:4)
  A hound (D:4)
  A centaur skeleton (D:4)
  An orc priest (D:3)
  A bullfrog skeleton (D:4)
  An iguana (D:5)
  2 orc wizards (D:3)
  2 worker ants (D:4)
  A worker ant zombie (D:5)
  5 adders
  An ooze (D:1)
  An adder skeleton (D:5)
  2 adder zombies (D:5)
  A dart slug (D:1)
  2 leopard geckos
  8 orcs
  7 bats
  5 giant cockroaches
  5 goblins
  8 hobgoblins
  7 jackals
  A quokka (D:4)
  7 frilled lizards
  11 kobolds
  3 orc skeletons (D:4)
  An orc zombie (D:4)
  6 rats
98 creatures vanquished.

Vanquished Creatures (others)
  A plant (D:2)
1 creature vanquished.

Grand Total: 99 creatures vanquished

Notes
Turn   | Place    | Note
-------+----------+-------------------------------------------
     0 | D:1      | wakim the Gargoyle Fighter began the quest for the Orb.
     0 | D:1      | Reached XP level 1. HP: 14/14 MP: 1/1
   111 | D:1      | Reached XP level 2. HP: 14/19 MP: 2/2
   508 | D:1      | Reached XP level 3. HP: 23/23 MP: 3/3
  1075 | D:2      | Found an iron altar of Okawaru.
  1272 | D:2      | Reached skill level 4 in Shields
  1356 | D:2      | Reached XP level 4. HP: 29/29 MP: 4/4
  1837 | D:2      | Found a faded altar of an unknown god.
  1869 | D:2      | Became a worshipper of Kikubaaqudgha
  1869 | D:2      | Reached * piety under Kikubaaqudgha
  1869 | D:2      | Identified Kikubaaqudgha's Guide on Sinister Rites
                  | (Kikubaaqudgha gifted it to you on level 2 of the Dungeon)
  1869 | D:2      | Received a gift from Kikubaaqudgha
  2311 | D:3      | Reached XP level 5. HP: 33/33 MP: 5/5
  2447 | D:3      | Found a shimmering blue altar of Sif Muna.
  2642 | D:3      | Reached ** piety under Kikubaaqudgha
  2723 | D:3      | Found a hazy altar of Hepliaklqana.
  2807 | D:3      | Found an ornate altar of the Wu Jian Council.
  2812 | D:3      | Found a white marble altar of Elyvilon.
  3267 | D:4      | Noticed a phantom
  3283 | D:4      | Killed a phantom
  3284 | D:4      | Reached skill level 5 in Shields
  3284 | D:4      | Reached XP level 6. HP: 10/38 MP: 6/6
  3597 | D:4      | Noticed an ice beast
  3850 | D:4      | Killed an ice beast
  3851 | D:4      | Reached XP level 7. HP: 14/44 MP: 7/7
  4330 | D:4      | Found a staircase to the Ecumenical Temple.
  4401 | Temple   | Entered the Ecumenical Temple
  4446 | D:4      | Reached *** piety under Kikubaaqudgha
  4446 | D:4      | Identified Kikubaaqudgha's Papyrus of Dark Secrets
                  | (Kikubaaqudgha gifted it to you on level 4 of the Dungeon)
  4446 | D:4      | Received a gift from Kikubaaqudgha
  4447 | D:4      | Reached skill level 6 in Shields
  4518 | D:4      | Reached skill level 5 in Maces & Flails
  4742 | D:5      | Entered Level 5 of the Dungeon
  4768 | D:5      | Found a transporter.
  4768 | D:5      | Noticed tilp's ghost (novice OpTm)
  4770 | D:5      | Found a transporter.
  4869 | D:5      | Reached skill level 5 in Fighting
  5035 | D:5      | Reached skill level 5 in Armour
  5076 | D:5      | Noticed Pikel
  5105 | D:5      | Killed Pikel
  5106 | D:5      | Reached skill level 7 in Shields
  5106 | D:5      | Reached XP level 8. HP: 7/50 MP: 8/8
  5107 | D:5      | Killed from afar by an orc priest

Illustrated notes

Levels and vault maps discovered:
D:1:      lordsloth_arrival_two_stooges, layout_loops_ring
D:2:      layout_loops_corners, nicolae_overflow_crystal_walls,
          chequers_ecumenical_altar_lobes
D:3:      layout_basic, nicolae_hepliaklqana_hippocampus, old_standard_altar,
          gammafunk_temple_overflow_claw
D:4:      layout_basic, minmay_temple_entry_mist,
          nicolae_ossuary_entry_catacombs, minmay_misc_feat_enclosed
D:5:      layout_basic, basic_altar, gammafunk_ghost_arena, serial_glass,
          glass_columns_b, glass_columns_a, minmay_strange_pillars,
          due_unseen_surprise, kennysheep_diamond, uniq_pikel
Temple:   compressed_dpeg_circular_temple

Skill      XL: |  1  2  3  4  5  6  7 |
---------------+----------------------+-----
Shields        | 4 5 7 |  7.2
Maces & Flails | 3 4 6 |  6.1
Fighting       | 4 5 |  5.5
Armour         | 4 5 |  5.5

Action                   |  1- 3 |  4- 6 |  7- 9 || total
-------------------------+-------+-------+-------++-------
Melee: Flail             |   111 |   192 |   142 ||   445
 Fire: Hunting sling     |       |       |     3 ||     3
  Use: Scroll            |       |     4 |       ||     4
Armor: Scale mail        |    67 |   148 |    53 ||   268
Dodge: Dodged            |    37 |    71 |    38 ||   146
Block: Kite shield       |    49 |   118 |    70 ||   237

Table legend: (Time is in decaauts)
 A = Elapsed time spent in this place.
 B = Non-inter-level travel time spent in this place.
 C = Inter-level travel time spent in this place.
 D = Time resting spent in this place.
 E = Time spent auto-exploring this place.
 F = Levels seen in this place.
 G = Mean time per level.
                   A        B        C        D        E       F      G
               +--------+--------+--------+--------+--------+-----+--------+
         Total |   5301 |   5079 |    222 |      0 |   3746 |   6 |  883.5 |
       Dungeon |   5299 |   5077 |    222 |      0 |   3746 |   5 | 1059.8 |
        Temple |      1 |      1 |      0 |      0 |      0 |   1 |    1.0 |
               +--------+--------+--------+--------+--------+-----+--------+

Top non-repeatable levels by time:
     D:4: 1555 daAuts
     D:3: 1291 daAuts
     D:2: 1222 daAuts
     D:1: 839 daAuts
     D:5: 390 daAuts
  Temple: 1 daAuts
